 Dungeon Sprint DCSS version 0.22.1-2-g9c5b331 (webtiles) character file.

549 diana the Cleaver (level 7, -5/105 HPs)
             Began as a Hill Orc Monk on Dec 4, 2018.
             Was a Priest of Trog.
             Slain by a two-headed ogre
             ... wielding a +0 giant spiked club
              (21 damage)
             ... in the Dungeon (Sprint IX: "|||||||||||||||||||||||||||||").
             The game lasted 00:01:31 (456 turns).

diana the Cleaver (Hill Orc Monk)                    Turns: 456, Time: 00:01:32

Health: -5/105     AC: 13    Str: 21    XL:     7   Next: 28%
Magic:  7/7        EV: 15    Int: 10    God:    Trog [***...]
Gold:   0          SH:  0    Dex: 16    Spells: 6/6 levels left

rFire    . . .     SeeInvis .   m - +1 broad axe (chop)
rCold    . . .     Gourm    .   (no shield)
rNeg     . . .     Faith    .   q - +2 ring mail
rPois    .         Spirit   .   (no helmet)
rElec    .         Reflect  .   p - +0 cloak
rCorr    .         Harm     .   o - +0 pair of gloves
MR       ++...     NoTele   +   (no boots)
Stlth    ..........             (no amulet)
HPRegen  1.27/turn              r - +2 ring of protection
MPRegen  0.10/turn              s - +3 ring of dexterity

@: berserking (expiring), regenerating, very quick
A: no striking features
a: Berserk, Trog's Hand, Renounce Religion


You were in the Dungeon.
You worshipped Trog.
Trog was most pleased with you.
You were not hungry.

You visited 1 branch

Inventory:

Hand Weapons
 a - a +0 hand axe
 m - a +1 broad axe of chopping (weapon)
 n - a +2 morningstar of crushing
Armour
 b - a +0 robe
 o - a +0 pair of gloves (worn)
 p - a +0 cloak (worn)
 q - a +2 ring mail (worn)
Jewellery
 r - a +2 ring of protection (left hand)
 s - a +3 ring of dexterity (right hand)
Wands
 l - a wand of acid (10)
Scrolls
 i - 2 scrolls of blinking
 k - 3 scrolls of remove curse
Potions
 e - 3 potions of heal wounds
 f - a potion of haste
 g - 4 potions of magic
 h - a potion of invisibility
 j - 4 potions of curing
Comestibles
 c - a ration


   Skills:
 + Level 9.0 Fighting
 * Level 12.7 Axes
 + Level 7.3 Armour
 + Level 6.2 Dodging
 - Level 1.5 Stealth


You had 6 spell levels left.
You didn't know any spells.
Your spell library was empty.

Dungeon Overview and Level Annotations

Branches:
Dungeon (1/1)

Altars:
Cheibriados
Dithmenos
Elyvilon
Fedhas
Gozag
Hepliaklqana
Kikubaaqudgha
Makhleb
Nemelex Xobeh
Okawaru
Qazlal
Ru
Sif Muna
Trog
Uskayaw
Vehumet
Wu Jian
Xom
Yredelemnul
Zin
The Shining One
Beogh
Jiyva
Lugonu


Message History

The orc warrior hits you but does no damage.
You closely miss the orc warrior.
The orc warrior is heavily wounded.
You slice the orc warrior!!
You kill the orc warrior!
Trog accepts your kill.
Your Axes skill increases to level 12!
Your Armour skill increases to level 7!
Your Dodging skill increases to level 6!
You have reached level 7!
You slice the crocodile!!
You kill the crocodile!
Trog accepts your kill.
Your Fighting skill increases to level 9!
There is an open door to the Dungeon, spattered with blood here.
Things that are here:
a flail; a chain mail; an orc corpse You slash the two-headed ogre!
The two-headed ogre is moderately wounded.
The two-headed ogre hits you with a giant spiked club!!
You die... ▓▓▓▓▓▓▓▓▓▓▓▓▓▓▓▓▓▓▓▓▓▓▓▓ ______'.?|).....@O.....+ ▓▓▓▓▓▓▓▓▓▓▓▓▓▓▓▓▓▓▓▓▓▓▓▓

You could see a two-headed ogre.

Vanquished Creatures
  A troll (D)
  An orc warrior (D)
  A sky beast (D)
  A crocodile (D)
  3 worker ants (D)
  A shadow imp (D)
  A worm (D)
  A leopard gecko (D)
  A hobgoblin (D)
  3 frilled lizards (D)
  A rat (D)
15 creatures vanquished.

Notes
Turn   | Place    | Note
-------+----------+-------------------------------------------
     0 | D        | diana the Hill Orc Monk began the quest for the Orb.
     0 | D        | Reached XP level 1. HP: 19/19 MP: 1/1
     7 | D        | Reached skill level 1 in Armour
    17 | D        | Reached skill level 5 in Axes
   137 | D        | Noticed a worker ant
   137 | D        | Noticed a worker ant
   137 | D        | Noticed a worker ant
   149 | D        | Killed a worker ant
   149 | D        | Reached skill level 6 in Axes
   149 | D        | Reached XP level 2. HP: 12/28 MP: 2/2
   149 | D        | Reached XP level 3. HP: 15/35 MP: 3/3
   152 | D        | Reached skill level 5 in Fighting
   152 | D        | Reached skill level 7 in Axes
   157 | D        | Reached XP level 4. HP: 18/42 MP: 4/4
   300 | D        | Found a roughly hewn altar of Beogh.
   300 | D        | Found a snail-covered altar of Cheibriados.
   300 | D        | Found a shadowy altar of Dithmenos.
   300 | D        | Found a white marble altar of Elyvilon.
   300 | D        | Found a blossoming altar of Fedhas.
   300 | D        | Found an opulent altar of Gozag.
   301 | D        | Found a hazy altar of Hepliaklqana.
   302 | D        | Found a viscous altar of Jiyva.
   303 | D        | Found an ancient bone altar of Kikubaaqudgha.
   304 | D        | Found a corrupted altar of Lugonu.
   305 | D        | Found a burning altar of Makhleb.
   306 | D        | Found a sparkling altar of Nemelex Xobeh.
   307 | D        | Found an iron altar of Okawaru.
   308 | D        | Found a stormy altar of Qazlal.
   309 | D        | Found a sacrificial altar of Ru.
   310 | D        | Found a deep blue altar of Sif Muna.
   311 | D        | Found a bloodstained altar of Trog.
   312 | D        | Found a hide-covered altar of Uskayaw.
   313 | D        | Found a radiant altar of Vehumet.
   314 | D        | Found an ornate altar of the Wu Jian Council.
   315 | D        | Found a shimmering altar of Xom.
   316 | D        | Found a basalt altar of Yredelemnul.
   317 | D        | Found a glowing silver altar of Zin.
   318 | D        | Found a glowing golden altar of the Shining One.
   319 | D        | Became a worshipper of Trog the Wrathful
   319 | D        | Reached * piety under Trog
   319 | D        | Reached ** piety under Trog
   432 | D        | Noticed a sky beast
   432 | D        | Noticed a troll
   432 | D        | Noticed an orc warrior
   432 | D        | Noticed a crocodile
   432 | D        | Noticed a two-headed ogre
   436 | D        | Killed a sky beast
   436 | D        | Reached skill level 9 in Axes
   436 | D        | Reached skill level 5 in Armour
   436 | D        | Reached XP level 5. HP: 51/51 MP: 5/5
   448 | D        | Killed a troll
   448 | D        | Reached skill level 11 in Axes
   448 | D        | Reached skill level 5 in Dodging
   448 | D        | Reached XP level 6. HP: 7/61 MP: 6/6
   453 | D        | Killed an orc warrior
   453 | D        | Reached skill level 12 in Axes
   453 | D        | Reached XP level 7. HP: 12/69 MP: 7/7
   454 | D        | Reached *** piety under Trog
   456 | D        | Slain by a two-headed ogre

Skill      XL: |  1  2  3  4  5  6  7 |
---------------+----------------------+-----
Armour         | 2 3 5 6 7 |  7.3
Fighting       | 4 5 6 8 9 |  9.0
Axes           | 6 7 9 11 12 | 12.7
Dodging        | 3 4 5 6 |  6.2
Stealth        | |  1.5

Action                   |  1- 3 |  4- 6 |  7- 9 || total
-------------------------+-------+-------+-------++-------
Melee: Hand axe          |    28 |     4 |       ||    32
       Broad axe         |       |    17 |     2 ||    19
Invok: Berserk           |       |     1 |       ||     1
       Trog's Hand       |       |     1 |       ||     1
  Use: Potion            |     2 |       |       ||     2
 Stab: Sleeping          |     1 |       |       ||     1
Armor: Robe              |     2 |       |       ||     2
       Ring mail         |       |     9 |       ||     9
Dodge: Dodged            |    12 |    20 |       ||    32
